 Dungeon Crawl Stone Soup version 0.30-a0-1016-gfb0d676c02 (webtiles) character file.

Game seed: 16037088263910620030

65 hwolsky the Firebug (level 3, -7/26 HPs)
             Began as a Demigod Fire Elementalist on Apr 6, 2023.
             Killed from afar by an orc wizard (8 damage)
             ... with a magic dart
             ... on level 3 of the Dungeon.
             The game lasted 00:12:32 (2373 turns).

hwolsky the Firebug (Demigod Fire Elementalist)     Turns: 2373, Time: 00:12:32

Health: -7/26      AC:  5    Str:  9    XL:     3   Next: 66%
Magic:  1/9        EV: 12    Int: 21    God:
Gold:   83         SH:  0    Dex: 14    Spells: 3/6 levels left

rFire   + . .      SeeInvis .    c - +0 dagger
rCold   + . .      Faith    .    (no shield)
rNeg    . . .      Spirit   .    d - +0 leather armour
rPois   +          Reflect  .    e - +0 helmet
rElec   +          Rampage  .    (no cloak)
rCorr   +          Clarity  +    g - +0 pair of gloves
Will    +....                    (no boots)
Stlth   ++                       (no amulet)
HPRegen 0.24/turn                (no ring)
MPRegen 0.11/turn                (no ring)

@: resistant
A: high MP 1, forlorn, divine attributes, clarity, strong-willed 1, screaming 1
a: no special abilities


You were on level 3 of the Dungeon.
You visited 1 branch of the dungeon, and saw 3 of its levels.

You collected 83 gold pieces.

Inventory:

Hand Weapons
 c - a +0 dagger (weapon)
Missiles
 i - 30 stones
 j - 2 javelins
Armour
 a - a +0 robe
 d - a +0 leather armour (worn)
 e - a +0 helmet (worn)
 g - a +0 pair of gloves (worn)
Jewellery
 k - a ring of positive energy
 o - an amulet of magic regeneration
Scrolls
 f - a scroll of fear
 m - a scroll of immolation
Potions
 b - a potion of magic
 n - a potion of brilliance


   Skills:
 + Level 2.3 Dodging
 - Level 2.2 Stealth
 * Level 2.2 Spellcasting
 + Level 1.6 Conjurations
 * Level 3.2 Fire Magic


You had 3 spell levels left.
You knew the following spells:

 Your Spells              Type           Power      Damage    Failure   Level
a - Foxfire               Conj/Fire      48%        2x1d6     8%          1
b - Scorch                Fire           30%        2d6       9%          2

Your spell library contained the following spells:

 Spells                   Type           Power      Damage    Failure   Level
 Inner Flame              Hex/Fire       9%         N/A       30%         3
 Volatile Blastmotes      Fire/Tloc      18%        2d11      30%         3
 Frozen Ramparts          Ice            4%         1d1       52%         3
 Flame Wave               Conj/Fire      12%        2d6       58%         4
 Ice Form                 Ice/Tmut       2%         N/A       90%         4
 Summon Ice Beast         Ice/Summ       2%         N/A       90%         4


Dungeon Overview and Level Annotations

Branches:
Dungeon (3/15)


Innate Abilities, Weirdness & Mutations

You have an increased reservoir of magic. (+10% MP)
You shall have no god before yourself.
Your divine heritage dramatically boosts your attributes as you level up.
You possess an exceptional clarity of mind.
You are strong-willed. (Will+)
You occasionally shout uncontrollably at your foes.


Message History

The orc wizard is almost dead.
The orc wizard completely misses you.
The orc wizard hits you with a +0 dagger.
The orc priest hits you with a +0 club. The orc misses you.
You hit the orc wizard but do no damage.
The orc wizard is almost dead.
The orc wizard closely misses you. x2
The orc priest looks braver for a moment.
The orc hits you with a +0 club.
You hit the orc wizard but do no damage.
The orc wizard is almost dead.
The orc wizard hits you with a +0 dagger.
The orc barely misses you.
The orc wizard hits you with a +0 dagger.
The orc priest hits you with a +0 club.
* * * LOW HITPOINT WARNING * * *
The orc hits you but does no damage.
You closely miss the orc wizard.
The orc wizard is almost dead.
The orc wizard hits you but does no damage.
The orc hits you with a +0 whip.
* * * LOW HITPOINT WARNING * * *
The orc wizard closely misses you. The orc priest hits you with a +0 club.
* * * LOW HITPOINT WARNING * * *
The orc closely misses you.
Okay, then.
Okay, then.
Okay, then.
The orc attacks as you move away! The orc hits you but does no damage.
The orc priest attacks as you move away!
The orc priest hits you but does no damage.
The orc wizard attacks as you move away!
The orc wizard hits you with a +0 dagger.
* * * LOW HITPOINT WARNING * * *
The orc wizard attacks as you move away!
The orc wizard barely misses you. The orc attacks as you move away!
The orc hits you but does no damage.
The orc wizard points at you and mumbles some strange words.
The magic dart hits you!
You die...

######## ####### #.......
#.....# #....... #.....#
#....... . #.....####
#....... ...
#....@+..######.......
....#..o..##.#............
##....oooo...#......######
#....(.......#......# ###
#..###.......#......# #..
#............+......####.#
..$.#######.#......'..#.#
..... #........##.#.# #...
#.#####'###.#.#


You could see an orc priest, 2 orc wizards and 2 orcs.

Vanquished Creatures
  An adder (D:3)
  A worm (D:2)
  3 dart slugs
  4 bats
  3 endoplasms (D:1)
  2 goblins
  4 hobgoblins
  6 jackals (D:1)
  A quokka (D:1)
  7 ball pythons
  3 frilled lizards (D:1)
  9 kobolds
  2 rats
46 creatures vanquished.

Vanquished Creatures (others)
  42 foxfires
42 creatures vanquished.

Grand Total: 88 creatures vanquished

Notes
Turn   | Place    | Note
-------+----------+-------------------------------------------
     0 | D:1      | hwolsky the Demigod Fire Elementalist began the quest for
                  | the Orb.
     0 | D:1      | Reached XP level 1. HP: 14/14 MP: 5/5
    53 | D:1      | Reached skill level 1 in Conjurations
   190 | D:1      | Reached XP level 2. HP: 20/20 MP: 4/7
   324 | D:1      | Learned a level 2 spell: Scorch
   708 | D:1      | Reached skill level 3 in Fire Magic
   876 | D:1      | Reached XP level 3. HP: 26/26 MP: 1/8
  1944 | D:2      | Gained mutation: You possess an exceptional clarity of
                  | mind. [potion of mutation]
  1944 | D:2      | Gained mutation: You occasionally shout uncontrollably at
                  | your foes. [potion of mutation]
  1944 | D:2      | Gained mutation: You are strong-willed. (Will+) [potion of
                  | mutation]
  2372 | D:3      | HP: 1/26 [orc wizard/+0 dagger (1)]
  2373 | D:3      | Killed from afar by an orc wizard

Illustrated notes

Levels and vault maps discovered:
D:1:      dpeg_arrival_water_fire, layout_basic
D:2:      layout_basic, basic_altar, minmay_crystal_room
D:3:      layout_basic, old_standard_altar

Skill      XL: |  1  2 |
---------------+-------+-----
Conjurations   | 1 |  1.6
Stealth        | 2 |  2.2
Dodging        | 2 |  2.3
Spellcasting   | 2 |  2.2
Fire Magic     | 3 |  3.2

Action                     || total
---------------------------++-------
  Melee: Dagger            ||    38
         Unarmed           ||     6
   Cast: Foxfire           ||    25
         Scorch            ||    35
    Use: Potion            ||     9
         Scroll            ||     2
 Armour: Robe              ||     9
         Leather armour    ||    25
         Chain mail        ||     2
  Dodge: Dodged            ||    59

Table legend: (Time is in decaauts)
 A = Elapsed time spent in this place.
 B = Non-inter-level travel time spent in this place.
 C = Inter-level travel time spent in this place.
 D = Time resting spent in this place.
 E = Time spent auto-exploring this place.
 F = Levels seen in this place.
 G = Mean time per level.
                   A        B        C        D        E       F      G
               +--------+--------+--------+--------+--------+-----+--------+
         Total |   2373 |   2341 |     32 |    405 |   1288 |   3 |  791.0 |
       Dungeon |   2373 |   2341 |     32 |    405 |   1288 |   3 |  791.0 |
               +--------+--------+--------+--------+--------+-----+--------+

Top non-repeatable levels by time:
     D:1: 1179 daAuts
     D:2: 927 daAuts
     D:3: 266 daAuts
